 Dungeon Crawl Stone Soup version 0.21.1-1-g345015fe64 (webtiles) character file.

378 Kohma the Conjurer (level 6, -1/32 HPs)
             Began as a Deep Elf Conjurer on July 1, 2018.
             Slain by an adder (3 damage)
             ... in a sewer.
             The game lasted 00:10:36 (3335 turns).

Kohma the Conjurer (Deep Elf Conjurer)              Turns: 3335, Time: 00:10:36

Health: -1/32      AC:  4    Str:  5    XL:     6   Next: 45%
Magic:  5/15       EV: 15    Int: 22    God:
Gold:   114        SH:  0    Dex: 15    Spells: 4/15 levels left

rFire    + . .     SeeInvis .   d - -1 dagger (curse)
rCold    . . .     Gourm    .   (no shield)
rNeg     . . .     Faith    .   h - +2 robe {rF+}
rPois    .         Spirit   .   (no helmet)
rElec    .         Reflect  .   (no cloak)
rCorr    .         Harm     .   (no gloves)
MR       .....                  (no boots)
Stlth    +.........             (no amulet)
HPRegen  0.10/turn              (no ring)
MPRegen  0.14/turn              (no ring)

@: very slightly contaminated, very slow
A: no striking features
a: no special abilities


You were in a sewer.
You were not hungry.

You visited 1 branch of the dungeon, and saw 3 of its levels.
You also visited: Sewer.

You collected 114 gold pieces.

Inventory:

Hand Weapons
 d - a cursed -1 dagger (weapon)
 m - a +0 long sword
Missiles
 e - 60 stones (quivered)
 k - 27 sling bullets
 n - 27 poisoned needles
Armour
 h - a +2 robe of fire resistance (worn)
Wands
 p - a wand of paralysis (4)
Scrolls
 f - 2 scrolls of remove curse {unknown}
 g - 2 scrolls of amnesia {unknown}
 i - a scroll of noise {unknown}
 q - a scroll of teleportation {unknown}
Potions
 a - a potion of magic {unknown}
 j - a potion of flight {unknown}
 l - 3 potions of curing {unknown}
 o - a potion of degeneration {unknown}
Books
 b - a book of Conjurations

   Spells                             Type                      Level
   a - Magic Dart                     Conjuration                  1
   b - Searing Ray                    Conjuration                  2
   c - Dazzling Spray                 Conjuration/Hexes            3
   d - Fulminant Prism                Conjuration/Hexes            4
   e - Force Lance                    Conjuration/Translocation    4
   f - Iskenderun's Mystic Blast      Conjuration                  4
Comestibles
 c - 2 rations


   Skills:
 + Level 4.6 Dodging
 - Level 2.4 Stealth
 + Level 5.2 Spellcasting
 * Level 6.8 Conjurations


You had 4 spell levels left.
You knew the following spells:

 Your Spells              Type           Power        Failure   Level  Hunger
a - Magic Dart            Conj           ####         1%          1    None
b - Searing Ray           Conj           #####.       1%          2    None
c - Iskenderun's Mystic   Conj           #####...     6%          4    ####...
d - Fulminant Prism       Conj/Hex       ###.......   24%         4    ####...


Dungeon Overview and Level Annotations

Branches:
Dungeon (3/15)

Altars:


Message History

You are very lightly contaminated with residual magic.
You smell something strange.
Casting: Iskenderun's Mystic Blast
Confirm with . or Enter, or press ? or * to list all spells.
Aiming: Fulminant Prism
Press: ? - help, Dir - move target cursor, p - river rat You miscast Fulminant Prism.
You are caught in a violent explosion!
The explosion engulfs you!
Ouch! That really hurt!
* * * LOW HITPOINT WARNING * * *
You hear an angry hiss. x2
Why would you want to do that?
An adder comes into view.
Why would you want to do that? The river rat barely misses you.
A frilled lizard comes into view.
The adder bites you but does no damage. The river rat bites you!
* * * LOW HITPOINT WARNING * * *
The adder misses you. The adder bites you.
You die...

.######################
...≈≈≈≈≈≈≈≈≈≈≈≈≈≈≈#...##
..≈≈≈l≈≈.≈≈≈≈≈≈≈≈≈≈....#
..≈†≈≈r≈≈≈≈#≈rS@≈≈≈.∩..#
..≈r≈≈≈≈#r≈≈#≈r≈≈≈≈.∩..#
..≈≈≈≈≈≈≈≈.≈≈≈≈≈≈≈≈....#
#..≈≈≈≈≈≈≈≈≈≈≈≈≈≈≈#...##
#######################


You could see an adder, 2 river rats and a rat.

Vanquished Creatures
  Sigmund (D:2)
  Ijyb (D:3)
  2 orc wizards
  An adder (D:2)
  4 gnolls (D:2)
  4 worms
  2 dart slugs (D:1)
  3 leopard geckos
  5 orcs
  6 giant cockroaches
  8 goblins
  8 hobgoblins
  5 jackals (D:1)
  3 ball pythons
  8 bats
  5 frilled lizards
  6 kobolds
  7 rats
79 creatures vanquished.

Vanquished Creatures (others)
  A ball python (D:3)
  2 fulminant prisms
3 creatures vanquished.

Grand Total: 82 creatures vanquished

Notes
Turn   | Place    | Note
-------+----------+-------------------------------------------
     0 | D:1      | Kohma the Deep Elf Conjurer began the quest for the Orb.
     0 | D:1      | Reached XP level 1. HP: 10/10 MP: 6/6
   293 | D:1      | Reached XP level 2. HP: 15/15 MP: 5/8
   297 | D:1      | Learned a level 2 spell: Searing Ray
   700 | D:1      | Reached skill level 5 in Conjurations
   776 | D:1      | Reached XP level 3. HP: 19/19 MP: 8/10
  1609 | D:2      | Reached XP level 4. HP: 23/24 MP: 8/11
  1893 | D:2      | Reached XP level 5. HP: 26/28 MP: 6/13
  1954 | D:2      | Learned a level 4 spell: Iskenderun's Mystic Blast
  1959 | D:2      | Learned a level 4 spell: Fulminant Prism
  2099 | D:2      | Noticed Sigmund
  2150 | D:2      | HP: 1/28 [Sigmund/magic dart (5)]
  2154 | D:2      | Killed Sigmund
  2154 | D:2      | Reached skill level 5 in Spellcasting
  2154 | D:2      | Reached skill level 6 in Conjurations
  2154 | D:2      | Reached XP level 6. HP: 2/32 MP: 0/15
  2919 | D:3      | Found a glowing drain.
  2922 | D:3      | Noticed Ijyb
  2938 | D:3      | Killed Ijyb
  2991 | D:3      | HP: 1/32 [worm (5)]
  3311 | Sewer    | Entered a sewer
  3335 | Sewer    | Slain by an adder

Skill      XL: |  1  2  3  4  5 |
---------------+----------------+-----
Conjurations   | 5 6 |  6.8
Dodging        | 3 4 |  4.6
Spellcasting   | 4 5 |  5.2
Stealth        | |  2.4

Action                   |  1- 3 |  4- 6 || total
-------------------------+-------+-------++-------
 Cast: Magic Dart        |    85 |    40 ||   125
       Searing Ray       |     3 |     9 ||    12
       Fulminant Prism   |       |     2 ||     2
       Iskenderun's Myst |       |     2 ||     2
  Eat: Chunk             |     2 |     3 ||     5
       Ration            |       |     1 ||     1
Armor: Robe              |     6 |     7 ||    13
Dodge: Dodged            |    28 |    21 ||    49
